 Dungeon Crawl Stone Soup version 0.30-a0-568-g124715a40b (webtiles) character file.

Game seed: 13883238929203468808

1351 arthad the Chopper (level 8, 0/64 HPs)
             Began as a Gnoll Reaver on Dec 28, 2022.
             Was an Initiate of Gozag.
             Succumbed to a gnoll sergeant's poison
             ... on level 6 of the Dungeon.
             The game lasted 00:19:48 (7130 turns).

arthad the Chopper (Gnoll Reaver)                   Turns: 7130, Time: 00:19:49

Health: 0/64       AC: 11    Str:  9 (11) XL:     8   Next: 63%
Magic:  9/15       EV: 11    Int: 13 (15) God:    Gozag
Gold:   181        SH:  0    Dex: 10 (11) Spells: 12/19 levels left

rFire   . . .      SeeInvis .    a - +0 hand axe
rCold   . . .      Faith    .    (no shield)
rNeg    . . .      Spirit   .    h - +3 ring mail of Shielding {Rampage *Corrode Will++ Stlth+}
rPois   .          Reflect  .    c - +0 helmet
rElec   .          Harm     .    E - +1 cloak
rCorr   +          Rampage  +    H - +0 pair of gloves
Will    ++...                    e - +0 pair of boots
Stlth   +++                      (no amulet)
HPRegen 0.30/turn                j - ring of resist corrosion
MPRegen 0.14/turn                (no ring)

@: brilliant, lethally poisoned (0 -> -14), attractive, flying
A: fangs 1, strong nose, distributed training, deformed body, low MP 1
a: Renounce Religion, Potion Petition, Call Merchant, Bribe Branch


You were on level 6 of the Dungeon.
You worshipped Gozag.
Gozag was aware of your devotion.
You visited 2 branches of the dungeon, and saw 7 of its levels.

You collected 422 gold pieces.
You spent 165 gold pieces at shops.
You paid 76 gold pieces to Gozag.

Inventory:

Hand Weapons
 a - a +0 hand axe (weapon)
 p - a +2 flail of draining
 v - a +1 trident of flaming
Missiles
 g - 3 poisoned darts
Armour
 b - a +0 leather armour
 c - a +0 helmet (worn)
 e - a +0 pair of boots (worn)
 h - the +3 ring mail of Shielding (worn) {Rampage *Corrode Will++ Stlth+}
   (You found it on level 2 of the Dungeon)

   *Corrode:  It may corrode you when you take damage.
   Rampage:   It bestows one free step when moving towards enemies.
   Will:      It greatly increases your willpower.
   Stlth:     It makes you more stealthy.
 q - a +2 ring mail of poison resistance
 E - a +1 cloak (worn)
 F - the +1 robe of Lonwyd {rPois rF+}
   (You took it off an orc wizard on level 5 of the Dungeon)

   rF:        It protects you from fire.
   rPois:     It protects you from poison.
 H - a +0 pair of gloves (worn)
Magical Staves
 w - a staff of conjuration
Jewellery
 d - an amulet of faith
 j - a ring of resist corrosion (left hand)
Wands
 y - a wand of mindburst (20)
Scrolls
 f - a scroll of fog
 l - 6 scrolls of identify {unknown}
 m - a scroll of poison
 o - 3 scrolls of magic mapping
 s - a scroll of fear {unknown}
 u - 2 scrolls of teleportation {unknown}
 B - a scroll of enchant armour {unknown}
 C - a scroll of silence {unknown}
 J - a scroll of vulnerability {unknown}
 K - a scroll of noise {unknown}
 L - 2 scrolls of amnesia {unknown}
Potions
 n - a potion of brilliance
 r - a potion of lignification {unknown}
 t - 2 potions of might
 x - a potion of heal wounds {unknown}
 z - a potion of ambrosia {unknown}
 A - a potion of attraction
 D - a potion of degeneration
 G - a potion of resistance
 I - a potion of cancellation {unknown}


   Skills:
 + Level 5.9 Fighting
 + Level 3.5 Short Blades
 + Level 3.5 Long Blades
 + Level 7.5 Axes
 + Level 3.5 Maces & Flails
 + Level 3.5 Polearms
 + Level 3.5 Staves
 + Level 3.5 Ranged Weapons
 + Level 3.5 Throwing
 + Level 3.5 Armour
 + Level 5.9 Dodging
 + Level 3.5 Stealth
 + Level 3.5 Shields
 + Level 3.5 Unarmed Combat
 + Level 6.2 Spellcasting
 + Level 6.2 Conjurations
 + Level 2.9 Hexes
 + Level 2.9 Summonings
 + Level 2.9 Necromancy
 + Level 2.9 Translocations
 + Level 2.9 Transmutations
 + Level 2.9 Fire Magic
 + Level 2.9 Ice Magic
 + Level 2.9 Air Magic
 + Level 2.9 Earth Magic
 + Level 2.9 Poison Magic
 + Level 3.9 Invocations
 + Level 3.5 Evocations


You had 12 spell levels left.
You knew the following spells:

 Your Spells              Type           Power      Damage    Failure   Level
a - Kiss of Death         Conj/Necr      96%        2d12      6%          1
b - Sandblast             Erth           34%        2d9       13%         1
c - Poisonous Vapours     Pois/Air       34%        N/A       19%         2
d - Stone Arrow           Conj/Erth      48%        3d10      19%         3

Your spell library contained the following spells:

 Spells                   Type           Power      Damage    Failure   Level
 Momentum Strike          Conj/Tloc      48%        3d9       10%         2
 Apportation              Tloc           34%        N/A       13%         1
 Sting                    Tmut/Pois      68%        1d6       13%         1
 Ensorcelled Hibernation  Hex/Ice        34%        N/A       19%         2
 Passwall                 Tmut/Erth      14%        N/A       19%         2
 Hailstorm                Conj/Ice       24%        3d7       19%         3
 Ignite Poison            Fire/Tmut/Pois 17%        N/A       36%         3
 Spider Form              Tmut/Pois      17%        N/A       36%         3
 Sticky Flame             Conj/Fire      24%        2d5       54%         4
 Anguish                  Hex/Necr       8%         N/A       77%         4
 Olgreb's Toxic Radiance  Pois           17%        N/A       77%         4
 Freezing Cloud           Conj/Ice/Air   10%        6-21      92%         5
 Ignition                 Fire           8%         3d5       100%        8
 Polar Vortex             Ice            8%         N/A       100%        9
 Simulacrum               Ice/Necr       Unusable   N/A       N/A         6

Dungeon Overview and Level Annotations

Branches:
Dungeon (6/15)             Temple (1/1) D:5

Altars:
Ashenzari
Cheibriados
Dithmenos
Elyvilon
Fedhas
Gozag
Hepliaklqana
Kikubaaqudgha
Makhleb
Okawaru
Ru
Sif Muna
Uskayaw
Vehumet
Xom
Yredelemnul
The Shining One

Shops:
D:4 ([!?   D:5 [


Innate Abilities, Weirdness & Mutations

You have very sharp teeth.
Your uncanny sense of smell can sniff out nearby items.
Your experience applies equally to all skills.
Armour fits poorly on your strangely shaped body.
Your magical capacity is low. (-10% MP)


Message History

You feel very sick.
The gnoll sergeant hits you but does no damage.
You feel very sick.
It was a potion of attraction.
You feel attractive to monsters.
You feel sick.
The gnoll sergeant hits you from afar with a +1 spear of venom.
* * * LOW HITPOINT WARNING * * *
You are more poisoned.
The gnoll sergeant is attracted toward you.
As you read the scroll labelled BAACKO AGGARIETO, it crumbles to dust.
The scroll dissolves into smoke.
It was a scroll of fog.
* * * LOW HITPOINT WARNING * * *
You feel very sick.
The gnoll sergeant hits you but does no damage.
You are lethally poisoned!
Nothing appears to happen.
As you read the scroll labelled TUNIRU ANKOA, it crumbles to dust.
It was a scroll of poison.
* * * LOW HITPOINT WARNING * * *
You feel very sick.
The gnoll sergeant hits you with a +1 spear of venom.
* * * LOW HITPOINT WARNING * * *
It was a potion of degeneration.
There was something very wrong with that liquid.
You feel weakened.
You feel dopey.
You feel clumsy.
* * * LOW HITPOINT WARNING * * *
You feel very sick. The gnoll sergeant barely misses you.
It was a potion of flight.
You feel very buoyant.
You fly up into the air.
* * * LOW HITPOINT WARNING * * *
You feel very sick.
The gnoll sergeant hits you but does no damage.
You are more poisoned.
It was a potion of mutation.
You feel extremely strange.
Your body twists and deforms.
You feel less energetic.
You die...
Your body crumbles into a pile of gold.

. ### ##. ...# #..
#..# #.# ## #..# #.#
.# #..##.# .# #.§#.#
.#. $ ##§§.# .....
##@§#.# ......#
#§g##.# ......#
#§§#§#.# ......#
#..#.##.# ......#
...# #.#.#
......######### ##.#
..............# #.#
..........).#.#####.#
...<#.......#.......#


You could see a gnoll sergeant (poisoned).

Vanquished Creatures
  A hornet (D:6)
  An ice beast (D:6)
  A black bear (D:5)
  2 ogres
  A necrophage (D:6)
  4 hounds
  2 jellies
  4 orc priests
  6 orc wizards
  Robin (D:2)
  4 gnolls (D:5)
  11 adders
  2 worms
  2 dart slugs (D:2)
  18 orcs
  5 ball pythons
  8 endoplasms
  5 giant cockroaches
  12 goblins
  9 hobgoblins
  5 jackals (D:3)
  5 quokkas
  7 bats
  3 frilled lizards
  4 kobolds
  4 rats
127 creatures vanquished.

Notes
Turn   | Place    | Note
-------+----------+-------------------------------------------
     0 | D:1      | arthad the Gnoll Reaver began the quest for the Orb.
     0 | D:1      | Reached XP level 1. HP: 20/20 MP: 6/6
   238 | D:1      | Learned a level 1 spell: Sandblast
   280 | D:1      | Reached XP level 2. HP: 26/26 MP: 5/7
  1199 | D:2      | Reached skill level 5 in Spellcasting
  1199 | D:2      | Reached XP level 3. HP: 17/31 MP: 4/9
  1419 | D:2      | Reached skill level 1 in Invocations
  1484 | D:2      | Reached skill level 1 in Short Blades
  1484 | D:2      | Reached skill level 1 in Long Blades
  1484 | D:2      | Reached skill level 1 in Maces & Flails
  1484 | D:2      | Reached skill level 1 in Polearms
  1484 | D:2      | Reached skill level 1 in Staves
  1484 | D:2      | Reached skill level 1 in Ranged Weapons
  1484 | D:2      | Reached skill level 1 in Throwing
  1484 | D:2      | Reached skill level 1 in Armour
  1484 | D:2      | Reached skill level 1 in Stealth
  1484 | D:2      | Reached skill level 1 in Shields
  1484 | D:2      | Reached skill level 1 in Unarmed Combat
  1484 | D:2      | Reached skill level 1 in Evocations
  1485 | D:2      | Noticed Robin
  1501 | D:2      | Killed Robin
  1502 | D:2      | Reached XP level 4. HP: 10/38 MP: 2/11
  1676 | D:2      | Identified the +3 ring mail of Shielding {Rampage *Corrode
                  | Will++ Stlth+}
  1707 | D:2      | Reached skill level 1 in Hexes
  1707 | D:2      | Reached skill level 1 in Summonings
  1707 | D:2      | Reached skill level 1 in Necromancy
  1707 | D:2      | Reached skill level 1 in Translocations
  1707 | D:2      | Reached skill level 1 in Transmutations
  1707 | D:2      | Reached skill level 1 in Fire Magic
  1707 | D:2      | Reached skill level 1 in Ice Magic
  1707 | D:2      | Reached skill level 1 in Air Magic
  1707 | D:2      | Reached skill level 1 in Earth Magic
  1707 | D:2      | Reached skill level 1 in Poison Magic
  2657 | D:3      | Found a burning altar of Makhleb.
  2657 | D:3      | Noticed a blizzard demon
  2671 | D:3      | Reached XP level 5. HP: 39/39 MP: 9/12
  3131 | D:3      | Found a white marble altar of Elyvilon.
  3666 | D:4      | Found Ziked's Antique Weapon Emporium.
  3723 | D:4      | Found Qous's Armour Emporium.
  3738 | D:4      | Found Xinuekk's Magic Scroll Emporium.
  3746 | D:4      | Bought 2 scrolls of magic mapping for 165 gold pieces
  3903 | D:4      | Noticed an ogre
  3911 | D:4      | Killed an ogre
  3912 | D:4      | Reached XP level 6. HP: 13/50 MP: 9/14
  4090 | D:4      | Reached skill level 5 in Fighting
  4090 | D:4      | Reached skill level 5 in Dodging
  4257 | D:4      | Found an opulent altar of Gozag.
  4530 | D:4      | Found Hoasates's Distillery.
  4722 | D:5      | Entered Level 5 of the Dungeon
  4743 | D:5      | Found Ideolico's Armour Boutique.
  4940 | D:5      | Found a staircase to the Ecumenical Temple.
  4949 | Temple   | Entered the Ecumenical Temple
  5180 | D:5      | Reached skill level 7 in Axes
  5180 | D:5      | Reached XP level 7. HP: 34/56 MP: 10/15
  5280 | D:5      | Identified the +1 robe of Lonwyd {rPois rF+}
  5740 | D:5      | Found a sacrificial altar of Ru.
  5967 | D:5      | Found a broken altar of Ashenzari.
  6012 | D:5      | Reached XP level 8. HP: 63/63 MP: 12/16
  6063 | D:5      | Found an ancient bone altar of Kikubaaqudgha.
  6069 | D:5      | Found a shimmering blue altar of Sif Muna.
  6071 | D:5      | Found a radiant altar of Vehumet.
  6076 | D:5      | Got Sif Muna's Anthology of Coordinates
  6154 | D:4      | Became a worshipper of Gozag Ym Sagoz the Greedy
  6904 | D:6      | Noticed a hornet
  6933 | D:6      | Learned a level 2 spell: Poisonous Vapours
  6937 | D:6      | Learned a level 3 spell: Stone Arrow
  6943 | D:6      | Killed a hornet
  7129 | D:6      | HP: 2/64 [poisoned by a gnoll sergeant]
  7130 | D:6      | Gained mutation: Armour fits poorly on your strangely
                  | shaped body. [potion of mutation]
  7130 | D:6      | Gained mutation: Your magical capacity is low. (-10% MP)
                  | [potion of mutation]
  7130 | D:6      | Succumbed to a gnoll sergeant's poison

Illustrated notes

Levels and vault maps discovered:
D:1:      dpeg_arrival_circle_labyrinth_a, layout_loops_ring
D:2:      layout_basic, minmay_tree_intersection, uniq_robin
D:3:      layout_basic, mainiacjoe_overflow_alcove_1, makhleb_altar_promises_db
D:4:      layout_gridville, marbit_many_paths, serial_shops, shop,
          kennysheep_little_box, nicolae_stop_n_shop_2,
          nicolae_shop_hallway_stairs
D:5:      layout_rooms, grunt_temple_overflow_magic_moments, ashenzari_altar_1,
          nicolae_ru_great_annihilating_truth, lemuel_temple_firewalk_a,
          serial_shops, nicolae_shop_waterfront
D:6:      minmay_diamond_boxcup, layout_basic
Temple:   hellmonk_temple_beads

Skill      XL: |  1  2  3  4  5  6  7  8 |
---------------+-------------------------+-----
Spellcasting   | 5 6 |  6.2
Invocations    | 1 2 3 |  3.9
Short Blades   | 1 2 3 |  3.5
Long Blades    | 1 2 3 |  3.5
Maces & Flails | 1 2 3 |  3.5
Polearms       | 1 2 3 |  3.5
Staves         | 1 2 3 |  3.5
Ranged Weapons | 1 2 3 |  3.5
Throwing       | 1 2 3 |  3.5
Armour         | 1 2 3 |  3.5
Stealth        | 1 2 3 |  3.5
Shields        | 1 2 3 |  3.5
Unarmed Combat | 1 2 3 |  3.5
Evocations     | 1 2 3 |  3.5
Hexes          | 1 2 |  2.9
Summonings     | 1 2 |  2.9
Necromancy     | 1 2 |  2.9
Translocations | 1 2 |  2.9
Transmutations | 1 2 |  2.9
Fire Magic     | 1 2 |  2.9
Ice Magic      | 1 2 |  2.9
Air Magic      | 1 2 |  2.9
Earth Magic    | 1 2 |  2.9
Poison Magic   | 1 2 |  2.9
Fighting       | 5 |  5.9
Dodging        | 5 |  5.9
Axes           | 7 |  7.5
Conjurations   | 6 |  6.2

Action                   |  1- 3 |  4- 6 |  7- 9 || total
-------------------------+-------+-------+-------++-------
Melee: Hand axe          |    20 |    23 |     5 ||    48
       Bite              |     1 |     2 |       ||     3
       Punch             |       |     1 |       ||     1
 Cast: Sandblast         |    55 |   136 |   132 ||   323
       Poisonous Vapours |       |       |     7 ||     7
Evoke: Wand              |       |       |     2 ||     2
  Use: Potion            |     3 |     1 |     5 ||     9
       Scroll            |       |       |     2 ||     2
Armor: Leather armour    |    17 |       |       ||    17
       Ring mail         |       |    62 |    86 ||   148
Dodge: Dodged            |    39 |    71 |    86 ||   196

Table legend: (Time is in decaauts)
 A = Elapsed time spent in this place.
 B = Non-inter-level travel time spent in this place.
 C = Inter-level travel time spent in this place.
 D = Time resting spent in this place.
 E = Time spent auto-exploring this place.
 F = Levels seen in this place.
 G = Mean time per level.
                   A        B        C        D        E       F      G
               +--------+--------+--------+--------+--------+-----+--------+
         Total |   7289 |   6944 |    345 |   1016 |   4735 |   7 | 1041.3 |
       Dungeon |   7153 |   6848 |    305 |   1016 |   4649 |   6 | 1192.2 |
        Temple |    136 |     96 |     40 |      0 |     86 |   1 |  136.0 |
               +--------+--------+--------+--------+--------+-----+--------+

Top non-repeatable levels by time:
     D:5: 1529 daAuts
     D:2: 1275 daAuts
     D:4: 1263 daAuts
     D:1: 1203 daAuts
     D:3: 1127 daAuts
     D:6: 754 daAuts
  Temple: 136 daAuts
